 Dungeon Crawl Stone Soup version 0.31-a0-995-g04711c9635 (webtiles) character file.

Game seed: 6553788043152393594

401 Dirtsage the Chopper (level 6, -16/70 HPs)
             Began as a Demonspawn Berserker on Nov 6, 2023.
             Was a Priest of Trog.
             Demolished by a two-headed ogre
             ... wielding a +0 giant club
              (26 damage)
             ... on level 5 of the Dungeon.
             The game lasted 00:04:17 (3319 turns).

Dirtsage the Chopper (Demonspawn Berserker)         Turns: 3319, Time: 00:04:18

Health: -16/70     AC: 10    Str: 19    XL:     6   Next: 54%
Magic:  6/6        EV:  8    Int:  9    God:    Trog [***...]
Gold:   125        SH:  0    Dex: 18    Spells: 5/5 levels left

rFire   . . .        a - +0 hand axe
rCold   . . .        (no shield)
rNeg    . . .        q - +0 chain mail
rPois   .            k - +0 helmet
rElec   .            u - +0 cloak
rCorr   .            (no gloves)
SInv    .            (no boots)
Will    .....        (no amulet) Stlth
                     d - +6 ring of dexterity
HPRegen 0.31/turn    (no ring)
MPRegen 0.20/turn

%: no passive effects
@: berserking, very quick
A: powered by pain 2, magic regeneration
a: Renounce Religion, Berserk, Trog's Hand


You were on level 5 of the Dungeon.
You worshipped Trog.
Trog was most pleased with you.
You visited 1 branch of the dungeon, and saw 5 of its levels.

You collected 125 gold pieces.

Inventory:

Hand Weapons
 a - a +0 hand axe (weapon)
Armour
 k - a +0 helmet (worn)
 q - a +0 chain mail (worn)
 u - a +0 cloak (worn)
Jewellery
 d - a +6 ring of dexterity (left hand)
Wands
 b - a wand of paralysis (6)
 s - a wand of roots (11)
Scrolls
 f - 3 scrolls of identify {unknown}
 g - 3 scrolls of teleportation {unknown}
 i - a scroll of enchant weapon {unknown}
 j - a scroll of amnesia {unknown}
 m - a scroll of fog {unknown}
 o - a scroll of fear {unknown}
 t - a scroll of poison {unknown}
Potions
 c - a potion of berserk rage {unknown}
 e - a potion of mutation {unknown}
 h - 3 potions of brilliance {unknown}
 n - a potion of attraction {unknown}
 p - a potion of ambrosia {unknown}
 r - 3 potions of curing {unknown}


   Skills:
 - Level 3.0 Fighting
 + Level 6.8 Axes
 - Level 1.7 Armour
 - Level 1.7 Dodging


You had 5 spell levels left.
You didn't know any spells.
Your spell library was empty.

Dungeon Overview and Level Annotations

Branches:
Dungeon (5/15)
 Temple: D:4-7

Altars:


Innate Abilities, Weirdness & Mutations

You sometimes gain power by taking damage.
You regenerate magic rapidly.


Message History

Things that are here:
a +0 hand axe; an orc corpse A two-headed ogre comes into view.
It is wielding a +0 giant club and a +0 giant spiked club.
The two-headed ogre shouts in stereo!
An orc comes into view. It is wielding a +0 dagger.
An orc comes into view. It is wielding a +0 mace.
There is a stone staircase leading up, spattered with blood here.
There is a stone staircase leading up, spattered with blood here.
A red film seems to cover your vision as you go berserk!
You feel yourself moving faster!
You feel mighty!
You now have 55/70 hp.
You barely miss the two-headed ogre. You barely miss the two-headed ogre.
The two-headed ogre barely misses you.
The two-headed ogre hits you with a +0 giant spiked club.
You take 5 damage, and have 50/70 hp.
You slash the two-headed ogre!
The two-headed ogre is lightly wounded.
You slash the two-headed ogre!
The two-headed ogre is moderately wounded.
You slash the two-headed ogre!
The two-headed ogre is heavily wounded.
The two-headed ogre hits you with a +0 giant club!
The two-headed ogre hits you with a +0 giant spiked club!
You take 17 damage, and have 33/70 hp.
MASSIVE DAMAGE!!
You barely miss the two-headed ogre.
The two-headed ogre is heavily wounded.
You slash the two-headed ogre!
The two-headed ogre is heavily wounded.
The two-headed ogre closely misses you.
The two-headed ogre hits you with a +0 giant spiked club!
* * * LOW HITPOINT WARNING * * *
You take 17 damage, and have 16/70 hp.
MASSIVE DAMAGE!!
You slash the two-headed ogre!
The two-headed ogre is severely wounded.
You completely miss the two-headed ogre.
The two-headed ogre is severely wounded.
The two-headed ogre hits you with a +0 giant club.
* * * LOW HITPOINT WARNING * * *
The two-headed ogre hits you with a +0 giant spiked club!!
You die...

#.#..<#...# #.#####.#.###
########...[.#.#...#######
#........#...#...........#
#........#...............#
#........##..............#
#........................#####
#.......###......)............
######........@O..............
#........####............
#.....#$#................
........#.##.............
.#.....###.##.............
......# .########....... ....
## .....oo .. .......


You could see a two-headed ogre.

Vanquished Creatures
  A phantom (D:5)
  3 orc priests
  Ijyb (D:3)
  An iguana (D:5)
  3 orc wizards
  3 adders
  3 worms (D:2)
  2 dart slugs
  15 orcs
  6 bats
  5 endoplasms
  3 giant cockroaches
  5 hobgoblins
  2 quokkas
  11 ball pythons
  A frilled lizard (D:3)
  7 goblins
  3 kobolds
  6 rats
81 creatures vanquished.

Notes
Turn   | Place    | Note
-------+----------+-------------------------------------------
     0 | D:1      | Dirtsage the Demonspawn Berserker began the quest for the
                  | Orb.
     0 | D:1      | Reached XP level 1. HP: 18/18 MP: 1/1
   193 | D:1      | Reached skill level 3 in Axes
   246 | D:1      | Gained mutation: You sometimes gain a little power by
                  | taking damage. [demonic ancestry]
   246 | D:1      | Reached XP level 2. HP: 22/24 MP: 2/2
   922 | D:2      | Gained mutation: You sometimes gain power by taking damage.
                  | [demonic ancestry]
   922 | D:2      | Reached XP level 3. HP: 22/29 MP: 3/3
   970 | D:2      | Reached ** piety under Trog
   982 | D:2      | Reached skill level 4 in Axes
  1199 | D:2      | Identified the +0 leather armour of Woaqagem {rPois Will++
                  | Dex-5}
  1532 | D:3      | Noticed Ijyb
  1544 | D:3      | Killed Ijyb
  1545 | D:3      | Reached XP level 4. HP: 27/35 MP: 4/4
  1762 | D:3      | Reached skill level 5 in Axes
  1776 | D:3      | Reached XP level 5. HP: 6/41 MP: 5/5
  2087 | D:3      | Reached *** piety under Trog
  2122 | D:3      | Found a faded altar of an unknown god.
  2588 | D:4      | Identified the +0 chain mail of the Shining Light {+Blink
                  | Int+3}
  2673 | D:4      | Reached skill level 6 in Axes
  2675 | D:4      | Gained mutation: You regenerate magic rapidly. [demonic
                  | ancestry]
  2675 | D:4      | Reached XP level 6. HP: 22/47 MP: 6/6
  3028 | D:4      | Paralysed by a goblin for 4 turns
  3034 | D:4      | Paralysed by a goblin for 4 turns
  3138 | D:5      | Entered Level 5 of the Dungeon
  3297 | D:5      | Noticed a two-headed ogre
  3319 | D:5      | Demolished by a two-headed ogre

Illustrated notes

Levels and vault maps discovered:
D:1:      lightli_arrival_statuegarden, layout_basic
D:2:      layout_rooms, nicolae_wormholes
D:3:      layout_loops_ring, shapermc_ecumenical_altar_ellora, uniq_ijyb
D:4:      layout_rooms
D:5:      layout_basic, grunt_temple_overflow_open,
          minmay_temple_entry_antechambers, nicolae_ossuary_entry_giza

Skill      XL: |  1  2  3  4  5 |
---------------+----------------+-----
Axes           | 3 4 5 6 |  6.8
Fighting       | |  3.0
Armour         | |  1.7
Dodging        | |  1.7

Action                     |  1- 3 |  4- 6 || total
---------------------------+-------+-------++-------
  Melee: Hand axe          |   134 |   173 ||   307
         Punch             |     1 |       ||     1
 Invoke: Berserk           |     1 |     3 ||     4
   Stab: Sleeping          |     4 |       ||     4
 Armour: Animal skin       |    26 |       ||    26
         Ring mail         |    39 |       ||    39
         Chain mail        |    22 |   147 ||   169
  Dodge: Dodged            |    76 |    91 ||   167

Table legend: (Time is in decaauts)
 A = Elapsed time spent in this place.
 B = Non-inter-level travel time spent in this place.
 C = Inter-level travel time spent in this place.
 D = Time resting spent in this place.
 E = Time spent auto-exploring this place.
 F = Levels seen in this place.
 G = Mean time per level.
                   A        B        C        D        E       F      G
               +--------+--------+--------+--------+--------+-----+--------+
         Total |   3359 |   3240 |    119 |     77 |   2537 |   5 |  671.8 |
       Dungeon |   3359 |   3240 |    119 |     77 |   2537 |   5 |  671.8 |
               +--------+--------+--------+--------+--------+-----+--------+

Top non-repeatable levels by time:
     D:3: 1107 daAuts
     D:1: 744 daAuts
     D:2: 693 daAuts
     D:4: 636 daAuts
     D:5: 177 daAuts
